 Seeded DCSS version 0.29.1-13-g9f3cf754e1 (webtiles) character file.

Game seed: 20230211 (custom seed)

2223 ueste the Caller (level 9, -2/51 HPs)
             Began as a Merfolk Summoner on Feb 12, 2023.
             Was a Believer of Hepliaklqana.
             Constricted to death by Maggie (6 damage)
             ... on level 6 of the Dungeon.
             The game lasted 02:39:08 (10525 turns).

ueste the Caller (Merfolk Summoner)                Turns: 10525, Time: 02:39:12

Health: -2/51      AC:  3    Str:  7      XL:     9   Next: 35%
Magic:  24/27      EV: 11    Int: 24      God:    Hepliaklqana [**....]
Gold:   377        SH:  0    Dex: 13 (14) Spells: 4/20 levels left

rFire   . . .      SeeInvis .   z - +1 short sword (drain)
rCold   x . .      Faith    .   (no shield)
rNeg    + + .      Spirit   .   Q - +0 robe
rPois   .          Reflect  .   (no helmet)
rElec   .          Harm     .   q - scarf {repulsion}
rCorr   .          Rampage  .   c - +0 pair of gloves "Iloususe" {rC- rN+ MP+9}
Will    .....                   (no boots)
Stlth   +++.......              (no amulet)
HPRegen 0.17/turn               B - +6 ring of intelligence
MPRegen 0.20/turn               e - ring of positive energy

@: about to teleport, grasped by roots, constricted, repel missiles
A: reduced essence, (nimble swimmer 2), mertail, deterioration 1, weak 1
a: Renounce Religion, Recall Ancestor, Ancestor Identity


You were on level 6 of the Dungeon.
You worshipped Hepliaklqana.
Hepliaklqana was pleased with you.
You visited 2 branches of the dungeon, and saw 7 of its levels.
You also visited: Sewer and Ossuary.

You collected 377 gold pieces.

Inventory:

Hand Weapons
 a - a +0 dagger
 f - a +2 war axe of flaming
 m - a +0 spear
 o - a +0 flail of protection
 r - a +0 shortbow
 t - a +0 spear
 v - a +0 whip
 y - a +0 dagger of protection
 z - a +1 short sword of draining (weapon)
 E - a +1 hand axe of pain
 I - a +1 short sword of speed
 N - a +0 sling
 O - a +0 arbalest
 R - a +0 flail
 V - a +0 club
 W - a +0 club
 X - a +0 hand axe
Missiles
 h - 61 stones
 n - 24 poisoned darts
 s - 5 silver javelins (quivered)
 S - 2 boomerangs
Armour
 c - the +0 pair of gloves "Iloususe" (worn) {rC- rN+ MP+9}
   (You acquired it in a sewer)

   rC:        It makes you vulnerable to cold.
   rN:        It protects you from negative energy.
   MP:        It affects your magic capacity (+9).
 q - a scarf of repulsion (worn)
 F - a +0 robe
 P - a +1 ring mail of cold resistance
 Q - a +0 robe (worn)
 U - a +0 leather armour
 Z - a +0 ring mail
Jewellery
 e - a ring of positive energy (right hand)
 B - a +6 ring of intelligence (left hand)
Wands
 H - a wand of quicksilver (6)
Scrolls
 b - 2 scrolls of magic mapping
 i - 3 scrolls of enchant armour
 j - a scroll of blinking
 p - 4 scrolls of noise
 w - a scroll of teleportation
 x - 3 scrolls of immolation
 D - a scroll of summoning {unknown}
 J - a scroll of enchant weapon {unknown}
 K - a scroll of silence {unknown}
 M - a scroll of vulnerability {unknown}
 T - a scroll of fog {unknown}
Potions
 d - a potion of haste
 g - a potion of degeneration
 k - 2 potions of resistance
 l - 6 potions of curing
 u - 3 potions of might
 A - 4 potions of flight
 C - 2 potions of cancellation {unknown}
 G - a potion of berserk rage
 L - a potion of attraction
 Y - a potion of brilliance


   Skills:
 + Level 4.9 Short Blades
 + Level 6.8 Dodging
 + Level 6.0 Stealth
 * Level 6.2 Spellcasting
 * Level 7.5 Summonings


You had 4 spell levels left.
You knew the following spells:

 Your Spells              Type           Power      Damage    Failure   Level
a - Summon Small Mammal   Summ           100%       N/A       1%          1
b - Call Imp              Summ           43%        N/A       1%          2
c - Beastly Appendage     Tmut           14%        N/A       8%          1
d - Call Canine Familiar  Summ           43%        N/A       1%          3
e - Summon Guardian Gole  Hex/Summ       25%        N/A       4%          3
f - Blink                 Tloc           14%        N/A       12%         2
g - Summon Lightning Spi  Summ/Air       25%        N/A       16%         4

Your spell library contained the following spells:

 Spells                   Type           Power      Damage    Failure   Level
 Scorch                   Fire           14%        2d6       12%         2
 Wereblood                Tmut           7%         N/A       12%         2
 Spider Form              Tmut/Pois      7%         N/A       24%         3
 Flame Wave               Conj/Fire      7%         2d5       61%         4
 Hailstorm                Conj/Ice       7%         3d4       61%         4
 Ice Form                 Ice/Tmut       7%         N/A       61%         4
 Summon Cactus Giant      Summ           21%        N/A       47%         6
 Manifold Assault         Tloc           7%         N/A       91%         5
 Simulacrum               Ice/Necr       3%         N/A       100%        6
 Storm Form               Tmut/Air       3%         N/A       100%        7


Dungeon Overview and Level Annotations

Branches:
Dungeon (6/15)             Temple (1/1) D:4           Sewer (visited)
Ossuary (visited)

Altars:
Ashenzari
Cheibriados
Dithmenos
Elyvilon
Fedhas
Gozag
Hepliaklqana
Kikubaaqudgha
Makhleb
Nemelex Xobeh
Okawaru
Qazlal
Sif Muna
Trog
Uskayaw
Vehumet
Wu Jian
Yredelemnul
Zin

Shops:
D:1 [

Annotations:
D:6 Eustachio, Maggie
Temple 2 transporters


Innate Abilities, Weirdness & Mutations

Your life essence is reduced to manifest your ancestor. (-10% HP)
((You are very nimble when in or above water. (Stealth+, EV+, Speed+++)))
Your lower body shifts to a powerful aquatic tail in water.
Your body sometimes deteriorates upon taking damage.
You are weak. (Str -2)


Message History

You swap places.
You swap places.
Your quokka disappears in a puff of smoke!
There is an open door here.
Maggie mumbles some strange words.
Maggie attempts to bespell you!
You are mesmerised by Maggie!
Maggie zaps a wand.
The roots erupt in riotous growth!
Roots grab your wolf. The grasping roots constrict your wolf!
You hear a shout!
Your wolf struggles to escape constriction. x2
Maggie points at you and mumbles some strange words.
The bolt of fire hits your wolf!! The bolt of fire hits you!!
The grasping roots constrict your wolf.
You are no longer entranced.
Your quokka disappears in a puff of smoke!
Your wolf struggles to escape constriction.
The grasping roots constrict your wolf!
Your wolf dies!
Your wolf's corpse disappears in a puff of smoke!
An ogre comes into view. It is wielding a +0 giant spiked club.
Your guardian golem disappears in a puff of smoke!
Maggie zaps a wand.
The roots erupt in riotous growth!
The grasping roots grab you! The grasping roots constrict you.
You escape the roots grasp.
Ilanqa completely misses Maggie.
Found 20 gold pieces.
The ogre closely misses Ilanqa.
Maggie zaps a wand.
The roots erupt in riotous growth!
The grasping roots grab you! The grasping roots constrict you.
Ilanqa misses Maggie.
You hear a shout!
As you read the scroll of teleportation, it crumbles to dust.
You feel strangely unstable.
Maggie points at you and mumbles some strange words.
The bolt of fire hits you!
* * * LOW HITPOINT WARNING * * *
The grasping roots constrict you.
You die...

#.r#....#.#..#.#...#
##.###..###.O#O#...##############
#R......5.....O...'.............
#@###W.###..###R..##############
#ยง#....# #..#..@..#
#.###..#.#..###...# #..
............### #W#.#..#.#..###.#
##### .@#.#..#?#..# #@# #.... ..#
#..# #..# #......'. +....
...###$$. #.... ##### . #....
..#>... ....... ....... .......
.......


You could see the friendly Ilanqa the knight, Maggie (ally target) and an ogre.

Vanquished Creatures
  Grinder (D:3)
  Sigmund (D:3)
  A gnoll sergeant (D:3)
  An iguana (D:4)
  A spectral bat (Ossuary)
5 creatures vanquished.

Vanquished Creatures (collateral kills)
  Duvessa (D:6)
  3 ice beasts
  A black bear (D:6)
  An ogre (D:5)
  2 phantoms
  A kobold brigand (Sewer)
  4 scorpions (D:6)
  Dowan (D:6)
  A gnoll bouda (D:4)
  A hound (D:6)
  An orc priest (D:4)
  An iguana (D:6)
  3 orc wizards (D:4)
  A mummy (Ossuary)
  6 adders
  8 gnolls
  A river rat (Sewer)
  A white imp (D:6)
  An ufetubus (D:4)
  3 worms
  14 orcs
  3 spectral bats (Ossuary)
  11 endoplasms
  4 giant cockroaches
  12 gnoll zombies (Ossuary)
  8 hobgoblins
  9 ball pythons
  5 bats
  5 bat simulacra (Ossuary)
  3 frilled lizards
  8 goblins
  4 goblin zombies (Ossuary)
  5 hobgoblin zombies (Ossuary)
  14 kobolds
  5 kobold simulacra (Ossuary)
  4 kobold zombies (Ossuary)
  5 orc zombies (Ossuary)
  6 rats
  A rat simulacrum (Ossuary)
  A spectral goblin (Ossuary)
  5 spectral kobolds (Ossuary)
  5 spectral rats (Ossuary)
179 creatures vanquished.

Vanquished Creatures (others)
  A troll (D:6)
1 creature vanquished.

Grand Total: 185 creatures vanquished

Notes
Turn   | Place    | Note
-------+----------+-------------------------------------------
     0 | D:1      | ueste the Merfolk Summoner began the quest for the Orb.
     0 | D:1      | Reached XP level 1. HP: 13/13 MP: 3/3
   550 | D:1      | Found a faded altar of an unknown god.
   736 | D:1      | Reached XP level 2. HP: 16/19 MP: 3/5
   739 | D:1      | Learned a level 2 spell: Call Imp
  1281 | D:1      | Found Zoqeb's Antique Armour Boutique.
  2427 | D:1      | Reached XP level 3. HP: 24/24 MP: 2/6
  4114 | D:3      | Noticed Sigmund
  4154 | D:3      | Reached XP level 4. HP: 26/26 MP: 3/7
  4168 | D:3      | Learned a level 1 spell: Beastly Appendage
  4172 | D:3      | Learned a level 3 spell: Call Canine Familiar
  4318 | D:2      | Identified a scroll of acquirement
  4609 | D:3      | Noticed Grinder
  4611 | D:3      | Paralysed by Grinder for 4 turns
  4621 | D:3      | Paralysed by Grinder for 5 turns
  4641 | D:3      | Noticed a gnoll sergeant
  4648 | D:3      | Paralysed by Grinder for 5 turns
  4657 | D:3      | Gained mutation: You are weak. (Str -2) [potion of
                  | mutation]
  4657 | D:3      | Gained mutation: Your body sometimes deteriorates upon
                  | taking damage. [potion of mutation]
  4661 | D:3      | Killed a gnoll sergeant
  4662 | D:3      | Reached skill level 1 in Short Blades
  4662 | D:3      | Reached XP level 5. HP: 35/35 MP: 4/9
  4667 | D:3      | Killed Grinder
  4668 | D:3      | Reached skill level 5 in Summonings
  4668 | D:3      | Reached XP level 6. HP: 41/41 MP: 5/11
  4680 | D:3      | Killed Sigmund
  4681 | D:3      | Reached XP level 7. HP: 46/46 MP: 3/13
  4698 | D:3      | Learned a level 3 spell: Summon Guardian Golem
  4701 | D:3      | Learned a level 2 spell: Blink
  5135 | D:4      | Reached skill level 5 in Dodging
  5312 | D:4      | Found a glowing drain.
  5345 | Sewer    | Entered a sewer
  5851 | Sewer    | Acquired the +0 pair of gloves "Iloususe" {rC- rN+ MP+9}
  6023 | D:4      | Reached skill level 6 in Summonings
  6154 | D:4      | Reached XP level 8. HP: 42/52 MP: 12/15
  6276 | D:4      | Found a staircase to the Ecumenical Temple.
  7001 | Temple   | Entered the Ecumenical Temple
  7001 | Temple   | Found a transporter.
  7001 | Temple   | Found a transporter.
  7003 | Temple   | Found a transporter.
  7003 | Temple   | Found a transporter.
  7017 | Temple   | Became a worshipper of Hepliaklqana the Forgotten
  7146 | D:5      | Entered Level 5 of the Dungeon
  7207 | D:5      | Found a sand-covered staircase.
  7212 | Ossuary  | Entered an ossuary
  8650 | D:5      | Reached skill level 5 in Stealth
  8650 | D:5      | Reached skill level 5 in Spellcasting
  8692 | D:5      | Reached * piety under Hepliaklqana
  8717 | D:5      | Found a bloodstained altar of Trog.
  9515 | D:6      | Reached ** piety under Hepliaklqana
  9516 | D:6      | Remembered your ancestor Ilanqa as a knight
  9578 | D:6      | Noticed a troll
  9592 | D:6      | Killed a troll
  9611 | D:6      | Noticed Dowan
  9654 | D:6      | Killed Dowan
  9707 | D:6      | Reached skill level 7 in Summonings
  9712 | D:6      | Noticed Duvessa
  9719 | D:6      | Reached XP level 9. HP: 51/51 MP: 17/17
  9745 | D:6      | Killed Duvessa
  9874 | D:6      | Learned a level 4 spell: Summon Lightning Spire
 10088 | D:6      | Noticed Eustachio
 10210 | D:6      | Noticed Maggie
 10525 | D:6      | Constricted to death by Maggie

Illustrated notes

Levels and vault maps discovered:
D:1:      reono_arrival_mine, layout_basic, basic_ecumenical_altar,
          serial_shops, nicolae_lakefront_shop, minmay_split_cup_large
D:2:      layout_rooms, serial_bayou_lagoon_a, minmay_tall_x
D:3:      layout_rooms, amethyst_killhole, uniq_grinder, uniq_sigmund
D:4:      layout_cave_pools, temple_doors_e, cheibrodos_sewer_entry_bend
D:5:      layout_basic, general_overflow_altar, enter_ossuary_2
D:6:      layout_basic, serial_shops, shop_coins, minmay_holes,
          minmay_misc_feat_nine_boxes, grunt_decor_resistance, uniq_eustachio,
          uniq_maggie, uniq_duvessa
Temple:   hellmonk_temple_divided_pantheon

Skill      XL: |  1  2  3  4  5  6  7  8  9 |
---------------+----------------------------+-----
Dodging        | 3 4 5 6 |  6.8
Stealth        | 3 4 5 6 |  6.0
Short Blades   | 1 2 3 4 |  4.9
Spellcasting   | 3 4 5 6 |  6.2
Summonings     | 5 6 7 |  7.5

Action                   |  1- 3 |  4- 6 |  7- 9 || total
-------------------------+-------+-------+-------++-------
Melee: Unarmed           |     8 |       |       ||     8
       Dagger            |     9 |       |       ||     9
       Short sword       |     1 |     9 |    23 ||    33
       Spear             |       |       |     1 ||     1
       Punch             |       |       |     2 ||     2
Throw: Javelin           |       |     1 |       ||     1
 Cast: Summon Small Mamm |    79 |    11 |   111 ||   201
       Call Imp          |    44 |     6 |    43 ||    93
       Call Canine Famil |       |     3 |    46 ||    49
       Summon Guardian G |       |       |    26 ||    26
       Blink             |       |       |     1 ||     1
Invok: Ancestor Life: Kn |       |       |     1 ||     1
       Ancestor Identity |       |       |     1 ||     1
  Use: Potion            |     1 |     8 |     2 ||    11
       Scroll            |       |     5 |     9 ||    14
 Stab: Distracted        |       |     1 |       ||     1
Armor: Robe              |     7 |     2 |     5 ||    14
       Skin              |       |    45 |       ||    45
Dodge: Dodged            |    15 |     4 |    38 ||    57
